 Dungeon Crawl Stone Soup version 0.17-a0-2208-ge5ab1d3 (webtiles) character file.

122 Ijustatesigmund the Sneak (level 5, -6/31 HPs)
             Began as an Octopode Wizard on Oct 26, 2015.
             Killed by divine providence
             ... invoked by an orc priest
              (13 damage)
             ... on level 3 of the Dungeon.
             The game lasted 00:08:36 (2461 turns).

Ijustatesigmund the Sneak (Octopode Wizard)         Turns: 2461, Time: 00:08:37

Health: -6/31      AC:  2    Str:  7    XL:     5   Next: 6%
Magic:  3/9        EV: 17    Int: 21    God:
Gold:   170        SH:  0    Dex: 15    Spells: 4 memorised, 2 levels left

rFire  . . .     SeeInvis .     f - +3 short sword (venom)
rCold  . . .     Clarity  .     (no shield)
rNeg   . . .     SustAt   .     a - +1 hat
rPois  .         Gourm    .     (no amulet)
rElec  .         Spirit   .     (no ring)
rCorr  .         Warding  .     (no ring)
rMut   .         Stasis   .     (no ring)
MR     .....                    (no ring)
Stlth  +++++.....               (no ring)
                                (no ring)
                                (no ring)
                                (no ring)

@: agile, repel missiles, not resistant to hostile enchantments, quite stealthy
A: almost no armour, amphibious, 8 rings, constrict 8, camouflage 1, gelatinous
body 1
a: no special abilities


You were on level 3 of the Dungeon.
You were hungry.

You visited 1 branch of the dungeon, and saw 3 of its levels.

You collected 170 gold pieces.

Inventory:

Hand Weapons
 f - a +3 short sword of venom (weapon)
Missiles
 e - 16 sling bullets
Armour
 a - a +1 hat (worn)
Scrolls
 i - a scroll of teleportation
 k - a scroll of remove curse
Potions
 d - a potion of flight {unknown}
 g - a potion of magic {unknown}
 j - a potion of mutation
 n - a potion of resistance {unknown}
Books
 b - a book of Minor Magic

   Spells                             Type                      Level
   a - Magic Dart                     Conjuration                  1
   b - Blink                          Translocation                2
   c - Call Imp                       Summoning                    2
   d - Repel Missiles                 Charms/Air                   2
   e - Slow                           Hexes                        2
   f - Conjure Flame                  Conjuration/Fire             3
   g - Mephitic Cloud                 Conjuration/Poison/Air       3
Comestibles
 c - 3 bread rations
 l - a meat ration
 o - 4 fruits


   Skills:
 + Level 1.2 Short Blades
 - Level 2.0 Dodging
 + Level 5.0 Stealth
 - Level 3.0 Spellcasting
 + Level 3.3 Conjurations
   Level 1.0 Summonings
 - Level 1.0 Translocations
 + Level 0.0 Air Magic
 + Level 0.0 Poison Magic


You had 2 spell levels left.
You knew the following spells:

 Your Spells              Type           Power        Failure   Level  Hunger
a - Magic Dart            Conj           ###.         3%          1    None
b - Blink                 Tloc           N/A          14%         2    ##.....
c - Repel Missiles        Chrm/Air       #.....       21%         2    ##.....
d - Mephitic Cloud        Conj/Pois/Air  #.......     30%         3    ###....


Dungeon Overview and Level Annotations

Branches:
Dungeon (3/15)

Altars:


Innate Abilities, Weirdness & Mutations

You cannot wear most types of armour.
You are amphibious.
You can wear up to eight rings at the same time.
You can use your tentacles to constrict eight enemies at once.
Your skin changes colour to match your surroundings (Stealth).
Your rubbery body absorbs attacks (AC +1).


Message History

You are confused.
The orc hits you with a short sword.
You bump into the rock wall.
You are engulfed in noxious fumes.
You choke on the stench!
You are more confused.
The orc barely misses you.
You bump into the rock wall.
You are engulfed in noxious fumes.
The orc barely misses you.
The orc priest hits you with a falchion!
* * * LOW HITPOINT WARNING * * *
The orc barely misses you.
You see here a flail.
Drink which item? (? for menu, Esc to quit)
Okay, then.
Drink which item? (? for menu, Esc to quit)
It was a potion of agility.
You feel agile all of a sudden.
You feel less confused.
The orc priest calls down the wrath of Beogh upon you.
Something smites you!
You die...

.......>......'...).......).
###############...÷#.###....
#..÷.#.# #.... #....#.#
#...) ######.# #.... #.#
#.... ##########.# #....
#o?........# #####
#@########## #o# #.# ## #.#
#. #.# #. #.. #. #... #.
#.... #. #..... ##


You could see an orc priest and an orc.

Vanquished Creatures
  3 adders
  An ooze (D:1)
  2 worms (D:2)
  3 giant geckos
  7 orcs
  7 bats
  7 goblins
  6 hobgoblins
  11 jackals
  8 kobolds
  A quokka (D:3)
  2 ball pythons
  3 giant cockroaches
  5 giant newts
  4 rats
70 creatures vanquished.

Notes
Turn   | Place    | Note
--------------------------------------------------------------
     0 | D:1      | Ijustatesigmund the Octopode Wizard began the quest for the Orb.
     0 | D:1      | Reached XP level 1. HP: 11/11 MP: 4/4
   137 | D:1      | Reached XP level 2. HP: 13/17 MP: 0/6
   141 | D:1      | Learned a level 2 spell: Blink
   144 | D:1      | Learned a level 2 spell: Repel Missiles
   607 | D:1      | Reached XP level 3. HP: 19/21 MP: 7/7
   612 | D:1      | Learned a level 3 spell: Mephitic Cloud
   831 | D:1      | Reached skill level 4 in Stealth
  1213 | D:2      | Reached XP level 4. HP: 10/27 MP: 6/8
  2332 | D:3      | Reached skill level 1 in Short Blades
  2447 | D:3      | Reached XP level 5. HP: 22/31 MP: 9/9
  2452 | D:3      | Reached skill level 5 in Stealth
  2461 | D:3      | Killed from afar by an orc priest

Vault maps used:
D:1:      kilobyte_arrival_exit_the_forest
D:3:      grunt_temple_overflow_open

Action                   |  1- 3 |  4- 6 || total
-------------------------+-------+-------++-------
Melee: Short sword       |    48 |    39 ||    87
 Cast: Magic Dart        |    37 |    37 ||    74
       Repel Missiles    |     1 |     1 ||     2
       Mephitic Cloud    |       |     2 ||     2
  Use: Scroll            |     1 |     9 ||    10
       Potion            |       |     1 ||     1
 Stab: Sleeping          |     4 |     5 ||     9
  Eat: Chunk             |     1 |     2 ||     3
       Pizza             |       |     1 ||     1
